 Dungeon Crawl Stone Soup version 0.29.0-4-gdea44cf6ec (webtiles) character file.

Game seed: 17251175158008316988

153 qw the Chopper (level 5, -1/45 HPs)
             Began as a Minotaur Fighter on Sept 5, 2022.
             Slain by Ijyb
             ... wielding a +0 club
              (4 damage)
             ... on level 3 of the Dungeon.
             The game lasted 00:00:57 (1845 turns).

qw the Chopper (Minotaur Fighter)                   Turns: 1845, Time: 00:00:57

Health: -1/45      AC:  9    Str: 22    XL:     5   Next: 12%
Magic:  4/4        EV:  9    Int:  5    God:
Gold:   63         SH:  4    Dex: 10    Spells: 4/4 levels left

rFire   . . .      SeeInvis .   Y - +0 war axe
rCold   . . .      Faith    .   c - +0 buckler
rNeg    . . .      Spirit   .   b - +0 scale mail
rPois   .          Reflect  .   (helmet restricted)
rElec   .          Harm     .   (no cloak)
rCorr   .          Rampage  .   i - +0 pair of gloves
Will    .....                   e - +0 pair of boots
Stlth   ..........              (no amulet)
HPRegen 0.15/turn               (no ring)
MPRegen 0.09/turn               (no ring)

@: no status effects
A: horns 2, retaliatory headbutt
a: no special abilities


You were on level 3 of the Dungeon.
You visited 1 branch of the dungeon, and saw 4 of its levels.

You collected 63 gold pieces.


Innate Abilities, Weirdness & Mutations

You have a pair of horns on your head.
You reflexively headbutt those who attack you in melee.


   Skills:
 - Level 3.6 Fighting
 + Level 6.2 Axes
 - Level 3.6 Armour
 - Level 1.2 Dodging
 - Level 3.6 Shields


You had 4 spell levels left.
You didn't know any spells.
Your spell library was empty.

Inventory:

Hand Weapons
 j - a +0 morningstar
 Y - a +0 war axe (weapon)
Armour
 b - a +0 scale mail (worn)
 c - a +0 buckler (worn)
 e - a +0 pair of boots (worn)
 h - a +0 chain mail
 i - a +0 pair of gloves (worn)
Scrolls
 a - a scroll of identify
Potions
 d - a potion of might
 f - a potion of cancellation
 k - a potion of brilliance {unknown}
 l - a potion of flight {unknown}

Dungeon Overview and Level Annotations

Branches:
Dungeon (4/15)
 Temple: D:4-7

Altars:

Shops:
D:2 [

Annotations:
D:3 Ijyb


Message History

You kill the gnoll!
You start resting.
HP restored.
A bat comes into view.
You closely miss the bat. The bat barely misses you.
The bat closely misses you. You furiously retaliate!
You headbutt the bat.
You kill the bat!
An iguana comes into view.
The iguana moves out of view.
Enter note: You slash the iguana!
You headbutt the iguana.
You kill the iguana!
Your Axes skill increases to level 6!
You have reached level 5!
Ijyb the Twisted Goblin comes into view.
She is wielding a +0 club and carrying a wand of flame (20).
Found a short sword.
Ijyb shouts!
Ijyb zaps a wand.
The puff of flame hits you! Ijyb hits you but does no damage.
You closely miss Ijyb. Ijyb hits you but does no damage.
Ijyb zaps a wand.
The puff of flame hits you!
You hit Ijyb but do no damage.
Ijyb zaps a wand.
The puff of flame hits you!
You hit Ijyb but do no damage. Your headbutt misses Ijyb.
You block Ijyb's attack.
You barely miss Ijyb. Ijyb screams, "I no like you!"
Ijyb zaps a wand.
The puff of flame hits you.
You barely miss Ijyb. Your headbutt misses Ijyb.
Ijyb zaps a wand.
The puff of flame hits you! You block Ijyb's attack.
You barely miss Ijyb. Your headbutt misses Ijyb. You block Ijyb's attack.
You hit Ijyb but do no damage. Ijyb hits you but does no damage.
You closely miss Ijyb. Your headbutt misses Ijyb.
Ijyb hits you but does no damage.
You slash Ijyb!
Ijyb is heavily wounded.
Ijyb hits you with a +0 club.
You die...

#.##### #.#.#
#.#.#######
#.#.#.....#
#.#.#.....#
#)#.#%....#
#.#.......+
#g###.....#
#@###.....###
#............
#############


You could see Ijyb.

Vanquished Creatures
  An iguana (D:3)
  An orc wizard (D:3)
  An adder (D:3)
  3 gnolls (D:3)
  3 worms
  2 dart slugs
  4 orcs (D:3)
  3 endoplasms
  A giant cockroach (D:1)
  A goblin (D:1)
  6 hobgoblins
  2 quokkas (D:3)
  7 ball pythons
  4 bats
  4 frilled lizards
  4 kobolds (D:1)
  7 rats
54 creatures vanquished.

Notes
Turn   | Place    | Note
-------+----------+-------------------------------------------
     0 | D:1      | qw the Minotaur Fighter began the quest for the Orb.
     0 | D:1      | Reached XP level 1. HP: 19/19 MP: 0/0
     0 | D:1      | 0 ||| qw: Version: 0.1-a-104-g96f76f8
     0 | D:1      | 0 ||| qw: Game counter: 6015
     0 | D:1      | 0 ||| qw: Always use a shield: true
     0 | D:1      | 0 ||| qw: God list: Ru
     0 | D:1      | 0 ||| qw: Allow faded altars: false
     0 | D:1      | 0 ||| qw: Do Orc after D:15 true
     0 | D:1      | 0 ||| qw: Do second Lair branch before Depths: true
     0 | D:1      | 0 ||| qw: Lair rune preference: random
     0 | D:1      | 0 ||| qw: Plans: Normal
     0 | D:1      | 0 ||| PLANNING D:1-11
    84 | D:1      | Reached skill level 3 in Axes
    90 | D:1      | 90 ||| Stepping ~*~*~tactically~*~*~ (stealth).
    92 | D:1      | Reached XP level 2. HP: 24/26 MP: 1/1
    94 | D:1      | 94 ||| Stepping ~*~*~tactically~*~*~ (stealth).
   126 | D:1      | Found a faded altar of an unknown god.
   275 | D:1      | 275 ||| Stepping ~*~*~tactically~*~*~ (hiding).
   276 | D:1      | 276 ||| Stepping ~*~*~tactically~*~*~ (hiding).
   386 | D:1      | 386 ||| DROPPING +0 club.
   446 | D:1      | 446 ||| Stepping randomly (stuck).
   554 | D:1      | Reached skill level 4 in Axes
   823 | D:1      | 823 ||| UPGRADING to +0 pair of boots.
   828 | D:1      | 828 ||| UPGRADING to +0 pair of gloves.
   833 | D:1      | 833 ||| READING scroll labelled OTHROU XEABICYU.
   854 | D:1      | 854 ||| Stepping ~*~*~tactically~*~*~ (stealth).
   858 | D:1      | Reached XP level 3. HP: 31/31 MP: 2/2
  1053 | D:1      | 1053 ||| READING scroll labelled KEALO MANAUTS.
  1123 | D:2      | 1123 ||| DROPPING +0 whip.
  1233 | D:2      | Found Bifisiduteu's Antique Armour Boutique.
  1239 | D:2      | 1239 ||| SHOPLISTING chain mail (99 gold, have 63).
  1239 | D:2      | 1239 ||| SHOPLISTING glowing ring mail (154 gold, have 63).
  1239 | D:2      | 1239 ||| SHOPLISTING masterwork cloak (209 gold, have 63).
  1260 | D:2      | You fall into a shaft and drop 2 floors!
  1342 | D:4      | 1342 ||| READING 3 scrolls labelled WICUON DOYRAFF.
  1343 | D:4      | 1343 ||| READING scroll labelled EGI DYIDYEBLI.
  1344 | D:4      | 1344 ||| READING scroll labelled NICLEPUCIN.
  1445 | D:4      | 1445 ||| READING 2 scrolls of identify.
  1445 | D:4      | 1445 ||| IDENTIFYING fuming emerald potion
  1497 | D:3      | Reached skill level 5 in Axes
  1497 | D:3      | Reached XP level 4. HP: 39/39 MP: 3/3
  1581 | D:3      | Reached skill level 1 in Dodging
  1655 | D:3      | 1655 ||| Stepping ~*~*~tactically~*~*~ (stealth).
  1660 | D:3      | 1660 ||| Stepping ~*~*~tactically~*~*~ (stealth).
  1675 | D:3      | 1675 ||| Stepping ~*~*~tactically~*~*~ (hiding).
  1677 | D:3      | 1677 ||| Stepping ~*~*~tactically~*~*~ (hiding).
  1723 | D:3      | 1723 ||| Stepping ~*~*~tactically~*~*~ (stealth).
  1732 | D:3      | 1732 ||| Stepping ~*~*~tactically~*~*~ (stealth).
  1733 | D:3      | 1733 ||| Stepping ~*~*~tactically~*~*~ (stealth).
  1735 | D:3      | 1735 ||| Stepping ~*~*~tactically~*~*~ (stealth).
  1829 | D:3      | Reached skill level 6 in Axes
  1829 | D:3      | Reached XP level 5. HP: 45/45 MP: 4/4
  1835 | D:3      | Noticed Ijyb
  1841 | D:3      | HP: 2/45 [Ijyb/puff of flame (11)]
  1845 | D:3      | Slain by Ijyb

Levels and vault maps discovered:
D:1:      scummos_arrival_simple_fountains, layout_basic,
          serial_co_window_serial, co_window_of_opportunity_a,
          co_window_paths_a, co_window_corner_a, co_window_paths_b,
          co_window_paths_a, co_window_unsneaky_path_d, co_window_2corner,
          co_window_of_opportunity_c, co_window_of_opportunity_b,
          co_window_corner_cb, co_window_paths_c, co_window_broadway_b,
          glass_columns_a, glass_columns_a, ebering_ecumenical_altar_box,
          minmay_misc_feat_hallway
D:2:      minmay_general_purpose_star, layout_loops_ring, serial_shops, shop,
          st_stairs_13
D:3:      layout_basic, nicolae_overflow_hallway_of_the_gods, uniq_ijyb,
          uniq_sigmund, uniq_terence
D:4:      minmay_chambers_of_threes, layout_basic

Skill      XL: |  1  2  3  4 |
---------------+-------------+-----
Axes           | 3 4 5 6 |  6.2
Dodging        | 1 |  1.2
Fighting       | |  3.6
Armour         | |  3.6
Shields        | |  3.6

Action                   |  1- 3 |  4- 6 || total
-------------------------+-------+-------++-------
Melee: War axe           |    76 |    41 ||   117
       Headbutt          |     8 |     3 ||    11
Throw: Boomerang         |       |    13 ||    13
  Use: Scroll            |     6 |       ||     6
Armor: Scale mail        |    32 |    12 ||    44
Dodge: Dodged            |    33 |    10 ||    43
Block: Buckler           |    24 |     8 ||    32

Table legend:
 A = Non-vault XP
 B = Vault XP
 C = Vault XP percentage of total XP
 D = Non-vault monster count
 E = Vault monster count
 F = Vault count percentage of total count
                 A         B        C        D         E       F
            +---------+---------+-------+---------+---------+-------
      Total |     217 |       2 |   0.9 |      52 |       2 |   3.7
            +---------+---------+-------+---------+---------+-------
        D:1 |      44 |       0 |   0.0 |      27 |       0 |   0.0
        D:2 |       8 |       2 |  20.0 |       3 |       2 |  40.0
        D:3 |     163 |       0 |   0.0 |      21 |       0 |   0.0
        D:4 |       2 |       0 |   0.0 |       1 |       0 |   0.0
            +---------+---------+-------+---------+---------+-------
